 Dungeon Crawl Stone Soup version 0.29-a0-340-g6efceafd81 (webtiles) character file.

Game seed: 9388976872683175865

128 freelancePsychic the Covert (level 5, -1/50 HPs)
             Began as a Naga Delver on Apr 19, 2022.
             Slain by a gnoll
             ... wielding a +0 halberd
              (5 damage)
             ... on level 3 of the Dungeon.
             The game lasted 00:06:17 (2848 turns).

freelancePsychic the Covert (Naga Delver)           Turns: 2848, Time: 00:06:17

Health: -1/50      AC:  3    Str: 16    XL:     5   Next: 12%
Magic:  5/5        EV:  9    Int: 14    God:
Gold:   152        SH:  0    Dex: 12    Spells: 4/4 levels left

rFire   . . .      SeeInvis +   m - +4 rapier "Ettal" {elec, *Slow rElec rN+ Int+3}
rCold   . . .      Faith    .   (no shield)
rNeg    + . .      Spirit   .   b - +0 leather armour
rPois   +          Reflect  .   (no helmet)
rElec   +          Harm     .   (no cloak)
rCorr   .          Rampage  .   (no gloves)
Will    .....                   (no barding)
Stlth   ++++......              (no amulet)
HPRegen 0.16/turn               (no ring)
MPRegen 0.09/turn               (no ring)

@: very slow
A: AC +1, large, see invisible, deformed body, poison resistance, slowness 2,
spit poison 1, naga tail 1
a: Spit Poison


You were on level 3 of the Dungeon.
You visited 1 branch of the dungeon, and saw 5 of its levels.

You collected 152 gold pieces.

Inventory:

Hand Weapons
 a - a +0 short sword
 d - a +2 vorpal spear
 m - the +4 rapier "Ettal" (weapon) {elec, *Slow rElec rN+ Int+3}
   (You acquired it on level 2 of the Dungeon)

   It occasionally discharges a powerful burst of electricity upon striking a
   foe.
   Int:       It affects your intelligence (+3).
   rElec:     It insulates you from electricity.
   rN:        It protects you from negative energy.
   *Slow:     It may slow you when you take damage.
Armour
 b - a +0 leather armour (worn)
Jewellery
 e - a ring of willpower
 l - a ring of positive energy
Wands
 g - a wand of digging (2)
Scrolls
 c - 2 scrolls of fog
 f - a scroll of vulnerability {unknown}
 i - a scroll of immolation {unknown}
 j - a scroll of teleportation {unknown}
 k - 2 scrolls of identify {unknown}
 o - a scroll of blinking {unknown}
Potions
 h - a potion of might {unknown}
 n - 2 potions of heal wounds {unknown}
 p - a potion of mutation {unknown}
 q - a potion of haste {@q3}


   Skills:
 + Level 4.0 Fighting
 + Level 2.1 Short Blades
 - Level 2.2 Polearms
 - Level 1.5 Dodging
 + Level 8.3 Stealth
 * Level 0.9 Transmutations
 * Level 0.3 Earth Magic


You had 4 spell levels left.
You didn't know any spells.
Your spell library contained the following spells:

 Spells                   Type           Power      Damage    Failure   Level
 Wereblood                Tmut           2%         N/A       36%         2
 Sublimation of Blood     Necr           0%         N/A       47%         2
 Summon Guardian Golem    Hex/Summ       0%         N/A       71%         3
 Petrify                  Tmut/Erth      1%         N/A       95%         4
 Metabolic Englaciation   Hex/Ice        0%         N/A       100%        5
 Statue Form              Tmut/Erth      0%         N/A       100%        6
 Orb of Destruction       Conj           0%         9d5       100%        7
 Spellforged Servitor     Conj/Summ      0%         N/A       100%        7
 Summon Hydra             Summ           0%         N/A       100%        7


Dungeon Overview and Level Annotations

Branches:
Dungeon (5/15)
 Temple: D:4-7

Altars:

Shops:
D:1 (


Innate Abilities, Weirdness & Mutations

Your serpentine skin is tough. (AC +1)
You have supernaturally acute eyesight. (SInv)
Armour fits poorly on your strangely shaped body.
Your system is resistant to poisons. (rPois)
You cover ground very slowly.
You can spit poison.
You have a snake-like lower body.


Message History

The splash of poison hits the gnoll!
The gnoll is poisoned.
The gnoll is heavily wounded.
The gnoll shouts!
You tear a large gash into the net.
You rip the net and break free!
The gnoll hits you from afar with a +0 halberd.
You puncture the gnoll!
The gnoll is severely wounded.
The gnoll closely misses you.
A gnoll comes into view. It is wielding a +0 halberd.
You hit the gnoll.
You kill the gnoll!
The gnoll completely misses you.
You have reached level 5!
You have got your breath back.
The gnoll looks more healthy.
The gnoll hits you with a +0 halberd.
The gnoll hits you from afar with a +0 halberd.
The gnoll closely misses you.
Things that are here:
a +0 whip; a gnoll corpse You barely miss the gnoll.
The gnoll is almost dead.
The gnoll hits you from afar with a +0 halberd!
You are too injured to fight recklessly!
You are too injured to fight recklessly!
You closely miss the gnoll.
The gnoll is almost dead.
The gnoll hits you with a +0 halberd.
The gnoll hits you from afar with a +0 halberd!
You hit the gnoll. Lightning courses through the gnoll!
You kill the gnoll!
The gnoll hits you from afar with a +0 halberd.
Your Fighting skill increases to level 4!
The gnoll hits you with a +0 halberd!
* * * LOW HITPOINT WARNING * * *
You see here a +0 halberd.
You hit the gnoll.
The gnoll is moderately wounded.
The gnoll hits you with a +0 halberd.
You die...

#####.....##.#
#....###.# ##### #.#)##
#.# .... #.#.## #.#
.... ######.#..###.# .#
..######........#....#
##
..........###..###.####
#
.#####)#.#####.#..(...
# #@###.#####.###### #
#g## ##.##.....# ..#
##.#.....### ###
##.##.........
##.##......####
#..........#
#.####...##..# #..
##.## #.# #. ### ..#


You could see a gnoll.

Vanquished Creatures
  A jelly (D:2)
  3 gnolls
  An adder (D:3)
  3 dart slugs
  6 endoplasms
  A giant cockroach (D:1)
  5 goblins
  3 hobgoblins
  9 kobolds
  A quokka (D:1)
  5 ball pythons
  5 bats
  7 frilled lizards
  7 rats
57 creatures vanquished.

Vanquished Creatures (others)
  2 withered plants (D:5)
2 creatures vanquished.

Grand Total: 59 creatures vanquished

Notes
Turn   | Place    | Note
-------+----------+-------------------------------------------
     0 | D:5      | freelancePsychic the Naga Delver began the quest for the
                  | Orb.
     0 | D:5      | Reached XP level 1. HP: 21/21 MP: 1/1
    15 | D:5      | Noticed an ice beast
   233 | D:3      | Reached XP level 2. HP: 28/28 MP: 2/2
   268 | D:2      | Reached skill level 1 in Polearms
   453 | D:2      | Reached XP level 3. HP: 29/34 MP: 3/3
   661 | D:1      | Reached skill level 8 in Stealth
   661 | D:1      | Reached XP level 4. HP: 32/44 MP: 4/4
   747 | D:1      | Found a faded altar of an unknown god.
  1381 | D:1      | Found Palyaf's Antique Weapon Boutique.
  1740 | D:2      | You fall into a shaft and drop 2 floors!
  1743 | D:4      | Noticed an ogre
  2694 | D:2      | Identified a scroll of acquirement
  2694 | D:2      | Acquired the +4 rapier "Ettal" {elec, *Slow rElec rN+
                  | Int+3}
  2843 | D:3      | Reached XP level 5. HP: 43/50 MP: 5/5
  2848 | D:3      | Slain by a gnoll

Illustrated notes

Levels and vault maps discovered:
D:1:      pf_arrival_petrified_forest, layout_loops_corners, serial_shops,
          nicolae_shop_hallway_plus, basic_ecumenical_altar
D:2:      layout_basic
D:3:      layout_loops_ring, serial_shops, nicolae_shop_statue_plus,
          serial_rivers, chequers_serial_rivers_small_b,
          chequers_serial_rivers_micro_b, chequers_serial_rivers_micro_b,
          chequers_serial_rivers_micro_c, chequers_serial_rivers_room_a,
          chequers_serial_rivers_micro_d, serial_bayou_lake_a
D:4:      layout_loops_cross, temple_doors_cd, nicolae_wormholes
D:5:      layout_basic, kiku_gazebo_garden_becter, serial_shops, shop, shop,
          nicolae_shop_behind_doors, uniq_duvessa, uniq_grinder,
          uniq_crazy_yiuf_cottage

Skill      XL: |  1  2  3  4  5 |
---------------+----------------+-----
Polearms       | 1 2 |  2.2
Stealth        | 8 |  8.3
Fighting       | 4 |  4.0
Short Blades   | |  2.1
Dodging        | |  1.5
Transmutations | |  0.9
Earth Magic    | |  0.3

Action                   |  1- 3 |  4- 6 || total
-------------------------+-------+-------++-------
Melee: Spear             |    32 |    68 ||   100
       Rapier            |       |     8 ||     8
 Abil: Spit Poison       |     3 |     9 ||    12
Evoke: Wand              |     1 |       ||     1
  Use: Scroll            |     2 |     2 ||     4
       Potion            |       |     1 ||     1
 Stab: Sleeping          |     6 |    13 ||    19
Armor: Leather armour    |     7 |     7 ||    14
Dodge: Dodged            |    21 |    20 ||    41

Table legend: (Time is in decaauts)
 A = Elapsed time spent in this place.
 B = Non-inter-level travel time spent in this place.
 C = Inter-level travel time spent in this place.
 D = Time resting spent in this place.
 E = Time spent auto-exploring this place.
 F = Levels seen in this place.
 G = Mean time per level.
                   A        B        C        D        E       F      G
               +--------+--------+--------+--------+--------+-----+--------+
         Total |   3720 |   3618 |    102 |      0 |   3003 |   5 |  744.0 |
       Dungeon |   3720 |   3618 |    102 |      0 |   3003 |   5 |  744.0 |
               +--------+--------+--------+--------+--------+-----+--------+

Top non-repeatable levels by time:
     D:2: 1638 daAuts
     D:1: 1391 daAuts
     D:3: 527 daAuts
     D:5: 105 daAuts
     D:4: 57 daAuts
